 Dungeon Crawl Stone Soup version 0.28.0-43-g3370ac3207 (webtiles) character file.

Game seed: 8524825841043751760

81 croobank the Firebug (level 4, -1/29 HPs)
             Began as an Octopode Fire Elementalist on Mar 6, 2022.
             Slain by an orc
             ... wielding a +0 trident
              (2 damage)
             ... on level 3 of the Dungeon.
             The game lasted 00:05:02 (1727 turns).

croobank the Firebug (Octopode Fire Elementalist)   Turns: 1727, Time: 00:05:02

Health: -1/29      AC:  1    Str:  7    XL:     4   Next: 40%
Magic:  4/7        EV: 13    Int: 19    God:
Gold:   128        SH:  0    Dex: 12    Spells: 0/7 levels left

rFire   + . .      SeeInvis .   d - +2 hand axe (flame)
rCold   . . .      Faith    .   k - orb {*Rage}
rNeg    . . .      Spirit   .   (helmet restricted)
rPois   .          Reflect  .   (no amulet)
rElec   .          Harm     .   g - ring of protection from fire
rCorr   .          Rampage  .   (no ring)
Will    .....      Rage     20% (no ring)
Stlth   +++.......              (no ring)
HPRegen 0.09/turn               (no ring)
MPRegen 0.10/turn               (no ring)
                                (no ring)
                                (no ring)

@: on berserk cooldown, slowed, very slow
A: almost no armour, amphibious, 8 rings, camouflage 1, gelatinous body 1,
(nimble swimmer 1), tentacles
a: no special abilities


You were on level 3 of the Dungeon.
You visited 1 branch of the dungeon, and saw 3 of its levels.

You collected 128 gold pieces.

Inventory:

Hand Weapons
 a - a +0 hunting sling
 d - a +2 hand axe of flaming (weapon)
 h - a +0 vorpal flail
 i - a +0 dagger of draining
Missiles
 j - 46 stones
 l - 2 boomerangs
 m - 22 sling bullets
Armour
 k - an orb of wrath (worn)
Jewellery
 g - a ring of protection from fire (left tentacle)
Scrolls
 b - a scroll of identify {unknown}
 f - a scroll of summoning {unknown}
Potions
 c - a potion of flight {unknown}
 e - 2 potions of ambrosia {unknown}


   Skills:
 - Level 1.8 Fighting
 - Level 1.9 Axes
 - Level 2.1 Dodging
 + Level 3.2 Stealth
 + Level 2.2 Spellcasting
 + Level 1.4 Conjurations
 + Level 3.2 Fire Magic


You couldn't memorise any spells.
You knew the following spells:

 Your Spells              Type           Power      Damage    Failure   Level
a - Foxfire               Conj/Fire      44%        2x1d6     6%          1
b - Scorch                Fire           28%        2d6       7%          2
c - Flame Wave            Conj/Fire      11%        2d5       54%         4

Your spell library contained the following spells:

 Spells                   Type           Power      Damage    Failure   Level
 Sandblast                Erth           4%         2d4       17%         1
 Static Discharge         Conj/Air       4%         N/A       19%         2
 Conjure Flame            Conj/Fire      11%        6-21      19%         3
 Passwall                 Tmut/Erth      1%         N/A       26%         2
 Inner Flame              Hex/Fire       8%         N/A       26%         3
 Stone Arrow              Conj/Erth      8%         3d7       36%         3
 Sticky Flame             Conj/Fire      11%        2d3       54%         4
 Dispel Undead            Necr           2%         3d7       86%         4


Dungeon Overview and Level Annotations

Branches:
Dungeon (3/15)

Altars:


Innate Abilities, Weirdness & Mutations

You cannot wear most types of armour.
You are amphibious.
You can wear up to eight rings at the same time.
Your skin changes colour to match your surroundings (Stealth+).
Your rubbery body absorbs attacks. (AC +1, EV +1)
((You are camouflaged when in or above water. (Stealth+)))
You have tentacles for arms and can constrict up to eight enemies at once.


Message History

2 orcs come into view.
Found 2 poisoned darts.
You feel a strong urge to attack something.
The orc shouts!
You see here a +0 dagger.
You are no longer berserk.
You are exhausted.
You feel yourself slow down.
Casting: Foxfire (safe; 6% risk of failure)
Confirm with . or Enter, or press ? or * to list all spells.
You conjure some foxfire!
The orc barely misses you.
The foxfire hits the orc.
The orc is lightly wounded.
The foxfire hits the orc.
The orc is almost dead.
The orc barely misses you.
The orc hits you from afar with a +0 trident.
Casting: Foxfire (safe; 6% risk of failure)
Confirm with . or Enter, or press ? or * to list all spells.
You miscast Scorch.
You are very lightly contaminated with residual magic.
Nothing appears to happen.
A ball python comes into view.
The orc hits you from afar with a +0 trident!
The orc closely misses you.
The ball python hisses angrily.
The orc hits you with a +0 club.
* * * LOW HITPOINT WARNING * * *
The orc closely misses you.
Things that are here:
a +0 whip; a +0 leather armour The orc hits you with a +0 club.
* * * LOW HITPOINT WARNING * * *
There is a stone staircase leading up, spattered with blood here.
The orc completely misses you. The orc closely misses you.
Your magical contamination has completely faded away.
The orc hits you with a +0 club.
* * * LOW HITPOINT WARNING * * *
The orc hits you from afar with a +0 trident.
You die...

....... .. #.#...
.####.####.#..
...........#.#.#
...............#
..........#...#
..............#
.........#.oo.#
..........<.#@#
..........#<#.#
.......)..)S#..
........S##.....!#
.........####.##.#
....#.#### #.# .#
.## #. #.. # ..
#### ..


You could see 2 orcs.

Vanquished Creatures
  A gnoll (D:1)
  2 adders (D:2)
  A worm (D:2)
  3 dart slugs (D:2)
  2 orcs (D:3)
  A ball python (D:1)
  A bat (D:1)
  3 endoplasms
  A giant cockroach (D:1)
  4 goblins
  2 hobgoblins
  7 jackals (D:1)
  2 quokkas
  4 frilled lizards
  4 kobolds
  A rat (D:1)
39 creatures vanquished.

Vanquished Creatures (others)
  52 foxfires
52 creatures vanquished.

Grand Total: 91 creatures vanquished

Notes
Turn   | Place    | Note
-------+----------+-------------------------------------------
     0 | D:1      | croobank the Octopode Fire Elementalist began the quest for
                  | the Orb.
     0 | D:1      | Reached XP level 1. HP: 11/11 MP: 3/3
    90 | D:1      | Reached XP level 2. HP: 13/17 MP: 1/5
    98 | D:1      | Learned a level 2 spell: Scorch
   563 | D:1      | Reached skill level 1 in Fighting
   563 | D:1      | Reached skill level 1 in Axes
   563 | D:1      | Reached XP level 3. HP: 23/23 MP: 4/6
  1168 | D:2      | Found a faded altar of an unknown god.
  1172 | D:2      | Reached XP level 4. HP: 29/29 MP: 7/7
  1217 | D:2      | Learned a level 4 spell: Flame Wave
  1727 | D:3      | HP: 1/29 [orc/+0 club (2)]
  1727 | D:3      | Slain by an orc

Illustrated notes

Levels and vault maps discovered:
D:1:      dpeg_arrival_stonehenge_8_columns, layout_basic, dk_noncrumbling_2,
          nrook_uturn
D:2:      layout_basic, basic_ecumenical_altar
D:3:      layout_rooms, xom_confusion_cloud

Skill      XL: |  1  2 |
---------------+-------+-----
Stealth        | 3 |  3.2
Fighting       | 1 |  1.8
Axes           | 1 |  1.9
Dodging        | |  2.1
Spellcasting   | |  2.2
Conjurations   | |  1.4
Fire Magic     | |  3.2

Action                   |  1- 3 |  4- 6 || total
-------------------------+-------+-------++-------
Melee: Unarmed           |     8 |       ||     8
       Constrict         |     9 |     2 ||    11
       Tentacles         |     7 |     2 ||     9
       Hand axe          |    29 |    11 ||    40
 Cast: Foxfire           |    24 |     9 ||    33
Armor: Skin              |     3 |       ||     3
Dodge: Dodged            |    35 |     9 ||    44
